 Dungeon Crawl Stone Soup version 0.30.0-20-g3615ddf2f0 (webtiles) character file.

Game seed: 2596372712915445174

204 qw the Chopper (level 5, -5/33 HPs)
             Began as a Gargoyle Fighter on June 1, 2023.
             Slain by a gnoll
             ... wielding a +3 halberd
              (11 damage)
             ... on level 3 of the Dungeon.
             The game lasted 00:01:33 (2151 turns).

qw the Chopper (Gargoyle Fighter)                   Turns: 2151, Time: 00:01:33

Health: -5/33      AC: 10    Str: 22    XL:     5   Next: 82%
Magic:  5/5        EV:  9    Int:  8    God:
Gold:   100        SH:  4    Dex:  9    Spells: 4/4 levels left

rFire   . . .        Y - +0 war axe
rCold   . . .        c - +0 buckler
rNeg    + . .        b - +0 scale mail
rPois   inf          (no helmet)
rElec   +            (no cloak)
rCorr   .            (no gloves)
SInv    .            (no boots)
Will    .....        (no amulet) Stlth
                     (no ring)
HPRegen 0.25/turn    (no ring)
MPRegen 0.09/turn

%: no passive effects
@: no status effects
A: sickness immunity, AC +4, negative energy resistance 1, electricity
resistance, torment resistance 1, petrification resistance
a: no special abilities


You were on level 3 of the Dungeon.
You visited 1 branch of the dungeon, and saw 4 of its levels.

You collected 100 gold pieces.


Innate Abilities, Weirdness & Mutations

You are immune to sickness and miasma.
Your stone body is resilient. (AC +4)
You are immune to poison.
You resist negative energy. (rN+)
You are resistant to electric shocks. (rElec)
You are resistant to unholy torment.
You are immune to petrification.


   Skills:
 + Level 3.7 Fighting
 - Level 5.1 Axes
 - Level 3.2 Armour
 - Level 3.2 Shields


You had 4 spell levels left.
You didn't know any spells.
Your spell library was empty.

Inventory:

Hand Weapons
 e - a +0 flail
 Y - a +0 war axe (weapon)
Armour
 b - a +0 scale mail (worn)
 c - a +0 buckler (worn)
 g - a +0 helmet
 i - a +0 pair of gloves
Jewellery
 h - an amulet of guardian spirit
Scrolls
 a - 7 scrolls of identify
Potions
 d - a potion of might
 f - 2 potions of curing
 j - a potion of mutation {unknown}

Dungeon Overview and Level Annotations

Branches:
Dungeon (4/15)
 Temple: D:4-7

Altars:

Annotations:
D:1 1 runed translucent door


Message History

You kill the hobgoblin!
You closely miss the gnoll. The bat barely misses you.
The bat closely misses you. The gnoll hits you but does no damage.
You closely miss the gnoll.
The gnoll is lightly wounded.
You miss the bat. The bat hits you. The gnoll hits you with a +0 flail!
The bat hits you but does no damage.
A gnoll comes into view. It is wielding a +3 halberd.
The gnoll hits you with a +0 flail!
The gnoll shouts!
You slash the gnoll!
The gnoll is severely wounded.
You completely miss the bat. The bat closely misses you.
The gnoll hits you but does no damage. The bat hits you but does no damage.
You closely miss the gnoll.
The gnoll is severely wounded.
You barely miss the bat. The bat hits you but does no damage.
The gnoll closely misses you.
You barely miss the gnoll.
The gnoll is severely wounded.
You barely miss the bat. The bat closely misses you.
The gnoll hits you but does no damage. x2
The gnoll closely misses you.
You slash the gnoll!
You kill the gnoll!
The bat hits you but does no damage.
The gnoll hits you from afar with a +3 halberd.
You slash the bat!
You kill the bat!
The gnoll hits you but does no damage. The gnoll closely misses you.
Things that are here:
a +0 spear; 25 gold pieces; a gnoll corpse You hit the gnoll.
The gnoll is moderately wounded.
The gnoll hits you with a +3 halberd!
You die...

#.#####.........)...
######....##..........##.
#..................##.#..
#...)....#...............
#...........#.#..........
#........#..#.#>.........
#........#..#.#........>.
#.....%..#...............
#.....).@....#...........
#####.###g#..#...........
#)# #....#........... ...
...).............
........#.#..........#
###.....##.#...........
#....................
#....##....<.........
#...........###


You could see a gnoll.

Vanquished Creatures
  An orc priest (D:3)
  An adder (D:2)
  6 gnolls (D:3)
  3 dart slugs
  10 orcs
  7 endoplasms
  3 giant cockroaches
  7 goblins
  9 hobgoblins
  4 jackals (D:2)
  3 quokkas (D:1)
  4 ball pythons
  6 bats
  8 frilled lizards
  8 kobolds
  7 rats
87 creatures vanquished.

Notes
Turn   | Place    | Note
-------+----------+-------------------------------------------
     0 | D:1      | qw the Gargoyle Fighter began the quest for the Orb.
     0 | D:1      | Reached XP level 1. HP: 14/14 MP: 1/1
     0 | D:1      | 0 ||| qw: Version: 0.2-a-102-gfc559e5
     0 | D:1      | 0 ||| qw: Game counter: 654
     0 | D:1      | 0 ||| qw: Always use a shield: true
     0 | D:1      | 0 ||| qw: God list: Okawaru
     0 | D:1      | 0 ||| qw: Allow faded altars: false
     0 | D:1      | 0 ||| qw: Do Orc after D:15 true
     0 | D:1      | 0 ||| qw: Do second Lair branch before Depths: true
     0 | D:1      | 0 ||| qw: Lair rune preference: random
     0 | D:1      | 0 ||| qw: Plans: Normal, Zot:1-4, Slime:5, God:TSO, Crypt,
                  | Tomb, Pan, Hells, Abyss, Win
     0 | D:1      | 0 ||| PLANNING D:1-11
     1 | D:1      | Found a runed translucent door.
    45 | D:1      | Reached skill level 2 in Axes
    88 | D:1      | 88 ||| Stepping ~*~*~tactically~*~*~ (hiding).
   114 | D:1      | 114 ||| Stepping ~*~*~tactically~*~*~ (hiding).
   120 | D:1      | Reached XP level 2. HP: 19/19 MP: 2/2
   318 | D:1      | Found a faded altar of an unknown god.
   528 | D:1      | 528 ||| Stepping ~*~*~tactically~*~*~ (stealth).
   531 | D:1      | 531 ||| Stepping ~*~*~tactically~*~*~ (hiding).
   542 | D:1      | Reached skill level 3 in Axes
   575 | D:1      | Reached XP level 3. HP: 23/23 MP: 3/3
   834 | D:1      | 834 ||| DROPPING +3 leather armour.
   835 | D:1      | 835 ||| DROPPING scarf of harm.
   836 | D:1      | 836 ||| READING 4 scrolls labelled SEZUN WEALLAE.
   837 | D:1      | 837 ||| READING scroll labelled CAZIAF ELLY.
   852 | D:1      | 852 ||| READING 3 scrolls of identify.
   852 | D:1      | 852 ||| IDENTIFYING pink potion
   880 | D:2      | 880 ||| FLEEEEING.
   881 | D:2      | 881 ||| STAIRDANCE
   933 | D:2      | 933 ||| STAIRDANCE
  1024 | D:2      | You fall into a shaft and drop 2 floors!
  1093 | D:3      | 1093 ||| Stepping ~*~*~tactically~*~*~ (stealth).
  1098 | D:3      | 1098 ||| Stepping ~*~*~tactically~*~*~ (stealth).
  1116 | D:3      | Reached XP level 4. HP: 24/28 MP: 4/4
  1124 | D:3      | Reached skill level 4 in Axes
  1229 | D:3      | 1229 ||| Stepping ~*~*~tactically~*~*~ (hiding).
  1338 | D:3      | 1338 ||| DROPPING +0 mace.
  1345 | D:3      | 1345 ||| FLEEEEING.
  1346 | D:3      | 1346 ||| STAIRDANCE
  1431 | D:2      | 1431 ||| Stepping ~*~*~tactically~*~*~ (stealth).
  1481 | D:2      | Reached XP level 5. HP: 28/32 MP: 5/5
  1503 | D:2      | 1503 ||| Stepping ~*~*~tactically~*~*~ (stealth).
  1745 | D:2      | 1745 ||| READING scroll labelled VEXZIN LAHYJ.
  1749 | D:2      | 1749 ||| READING scroll labelled GOSEGI DAIG.
  1877 | D:3      | 1877 ||| Stepping ~*~*~tactically~*~*~ (stealth).
  2035 | D:3      | 2035 ||| Stepping ~*~*~tactically~*~*~ (stealth).
  2043 | D:3      | Reached skill level 5 in Axes
  2061 | D:3      | 2061 ||| Stepping ~*~*~tactically~*~*~ (stealth).
  2134 | D:3      | 2134 ||| Stepping ~*~*~tactically~*~*~ (stealth).
  2135 | D:3      | 2135 ||| Stepping ~*~*~tactically~*~*~ (stealth).
  2136 | D:3      | 2136 ||| Stepping ~*~*~tactically~*~*~ (hiding).
  2137 | D:3      | 2137 ||| Stepping ~*~*~tactically~*~*~ (hiding).
  2148 | D:3      | HP: 4/32 [gnoll/+3 halberd (6)]
  2151 | D:3      | Slain by a gnoll

Levels and vault maps discovered:
D:1:      dpeg_arrival_caged_fury, layout_rooms,
          shapermc_ecumenical_altar_ellora, dk_noncrumbling_4
D:2:      layout_basic, minmay_tripent
D:3:      layout_rooms, nrook_mini_vaults
D:4:      layout_basic

Skill      XL: |  1  2  3  4  5 |
---------------+----------------+-----
Axes           | 2 3 4 5 |  5.1
Fighting       | |  3.7
Armour         | |  3.2
Shields        | |  3.2

Action                     |  1- 3 |  4- 6 || total
---------------------------+-------+-------++-------
  Melee: War axe           |   142 |   126 ||   268
    Use: Scroll            |     3 |     2 ||     5
 Armour: Scale mail        |    68 |    71 ||   139
  Dodge: Dodged            |    58 |    61 ||   119
  Block: Buckler           |    25 |    19 ||    44

Table legend:
 A = Non-vault XP
 B = Vault XP
 C = Vault XP percentage of total XP
 D = Non-vault monster count
 E = Vault monster count
 F = Vault count percentage of total count
                 A         B        C        D         E       F
            +---------+---------+-------+---------+---------+-------
      Total |     287 |       5 |   1.7 |      85 |       2 |   2.3
            +---------+---------+-------+---------+---------+-------
        D:1 |      45 |       0 |   0.0 |      27 |       0 |   0.0
        D:2 |      58 |       5 |   7.9 |      26 |       2 |   7.1
        D:3 |     180 |       0 |   0.0 |      30 |       0 |   0.0
        D:4 |       4 |       0 |   0.0 |       2 |       0 |   0.0
            +---------+---------+-------+---------+---------+-------
